Bruins vs Capitals
Created - January 10, 2024 at 19:50
Goals
|
| Bruins |
1 |
0 |
1 |
2 |
| Capitals |
0 |
1 |
2 |
3 |
|
Shots
|
| Bruins |
12 |
6 |
14 |
32 |
| Capitals |
12 |
10 |
15 |
37 |
|
1st period
1. Bruins , Wojtek Wolski 10 (Adam Pelech 7) at 14:57
Penalties :
Kevin Hayes (Bos) for Hooking (Minor) at 3:41, Jujhar Khaira (Was) for Roughing (Minor) at 15:54
2nd period
2. Capitals , Phil Kessel 5 (Mike Green 14) at 11:14
Penalties :
Radek Faksa (Bos) for Tripping (Minor) at 3:48
3rd period
3. Capitals , Patrick Kane 21 (Taylor Hall 27, Nicklas Backstrom 23) at 9:10 (PP)
4. Capitals , Blake Pietila 12 (Cody Hodgson 19) at 10:56 (PP)
5. Bruins , Wojtek Wolski 11 (Mark Stone 7, Jason Demers 14) at 19:29
Penalties :
Kevin Hayes (Bos) for Roughing (Minor) at 8:32, Zack Kassian (Bos) for Cross-checking (Minor) at 10:33
Goalie Stats
Kevin Poulin (Bos), 34 saves from 37 shots - (0.919), L, 15-12-4, 59:46 minutes
Cory Schneider (Was), 30 saves from 32 shots - (0.938), W, 19-10-2, 60:00 minutes
Players Stats for Bruins
Player Name G A P +/- PIM S H SB GA TA FO MP PP MP PK MP
------------------------------------------------------------------------------------
Adam Pelech 0 1 1 1 0 0 0 1 0 0 0/0 15:13 0:00 0:24
Andreas Athanasiou 0 0 0 0 0 1 3 0 0 0 0/0 9:14 0:00 0:00
Brendan Smith 0 0 0 1 0 1 1 3 0 0 0/0 17:47 0:39 1:36
Casey Cizikas 0 0 0 -1 0 1 0 0 0 0 1/3 12:16 0:00 0:19
Craig Smith 0 0 0 -1 0 5 2 2 0 0 1/1 12:49 0:52 0:00
Eric Wellwood 0 0 0 -1 0 0 2 3 0 0 0/0 12:52 0:00 0:47
Gabriel Landeskog 0 0 0 0 0 2 0 0 2 0 3/10 21:21 1:07 3:14
Jason Demers 0 1 1 -1 0 2 0 0 0 0 0/0 27:00 1:20 2:59
Jonathan Toews 0 0 0 0 0 4 2 1 0 0 8/24 19:34 1:07 1:19
Josh Manson 0 0 0 1 0 1 0 0 0 2 0/0 14:49 0:00 0:00
Kevin Hayes 0 0 0 2 4 4 1 0 0 0 6/12 16:17 0:52 0:36
Madison Bowey 0 0 0 1 0 2 1 1 1 1 0/0 20:11 0:39 1:36
Mark Stone 0 1 1 2 0 1 2 0 2 0 1/1 16:25 1:07 0:00
Radek Faksa 0 0 0 0 2 0 2 1 0 1 0/1 10:02 0:00 0:49
Taylor Beck 0 0 0 0 0 0 2 1 0 0 0/0 9:14 0:00 0:00
Torey Krug 0 0 0 -1 0 2 1 0 0 1 0/0 25:00 1:20 3:23
Wojtek Wolski 2 0 2 2 0 4 1 1 1 0 1/1 18:29 0:52 2:54
Zack Kassian 0 0 0 0 2 2 1 0 0 0 1/1 16:24 0:00 0:00
Players Stats for Capitals
Player Name G A P +/- PIM S H SB GA TA FO MP PP MP PK MP
------------------------------------------------------------------------------------
Alexei Marchenko 0 0 0 0 0 0 0 0 1 0 0/0 18:57 1:54 0:49
Blake Pietila 1 0 1 -1 0 5 2 1 0 0 0/2 16:31 2:07 0:15
Bobby Ryan 0 0 0 -1 0 5 1 0 1 1 1/1 16:44 2:07 0:34
Brandon Burlon 0 0 0 0 0 0 0 2 0 0 0/0 14:06 0:19 0:00
Brandon Gormley 0 0 0 -1 0 2 1 2 0 0 0/0 26:55 2:46 0:49
Cody Hodgson 0 1 1 -1 0 2 1 0 0 0 5/10 16:31 2:07 0:15
Jeff Skinner 0 0 0 1 0 0 1 0 0 0 0/0 9:07 0:30 0:00
Joe Colborne 0 0 0 0 0 1 1 0 0 0 4/6 12:14 0:46 0:00
Jujhar Khaira 0 0 0 0 2 3 1 1 1 0 1/1 11:33 0:00 0:00
Martin Marincin 0 0 0 0 0 3 0 0 0 2 0/0 18:59 1:54 1:10
Mike Green 0 1 1 -1 0 2 1 2 0 2 0/0 27:39 2:46 1:10
Nicklas Backstrom 0 1 1 -1 0 1 1 0 0 0 18/28 21:28 2:06 0:34
Patrick Kane 1 0 1 -1 0 4 2 0 0 0 0/2 22:11 2:13 1:10
Phil Kessel 1 0 1 1 0 2 1 0 1 0 0/0 9:16 0:39 0:00
Sergey Kalinin 0 0 0 1 0 0 1 0 0 0 2/2 8:37 0:00 0:00
Shea Theodore 0 0 0 0 0 1 1 0 0 0 0/0 13:24 0:19 0:00
Steve Downie 0 0 0 0 0 2 4 0 0 0 0/0 11:28 0:00 0:00
Taylor Hall 0 1 1 -1 0 4 1 0 1 1 1/2 22:20 2:22 1:10
3 Stars
1 - Wojtek Wolski (Bos)
2 - Phil Kessel (Was)
3 - Cory Schneider (Was)
Power Play
Bruins - 0 on 1 Attempt(s) - 0.00%
Capitals - 2 on 4 Attempt(s) - 50.00%
Penalty Kill
Bruins - 2 on 4 Attempt(s) - 50.00%
- Score 0 goal in Penalty Kill
Capitals - 1 on 1 Attempt(s) - 100.00%
- Score 0 goal in Penalty Kill
Team Stat
Bruins - Hits : 21 - Faceoff Wins : 22 - Blocked Shots : 14 - Penalty Minutes : 8
Capitals - Hits : 20 - Faceoff Wins : 32 - Blocked Shots : 8 - Penalty Minutes : 2
Official
Referees : Brad Meier and Corey Syvret
Linesman : Tyson Baker and James Tobias
Game Notes
No Game Note
Finance
Level 1 -- Attendance: 6000 (100.00%) -- Ticket Income $600,000
Level 2 -- Attendance: 5000 (100.00%) -- Ticket Income $300,000
Level 3 -- Attendance: 2000 (100.00%) -- Ticket Income $70,000
Level 4 -- Attendance: 4000 (100.00%) -- Ticket Income $100,000
Luxury Box -- Attendance: 992 (99.20%) -- Ticket Income $198,400
Game was played at the Capital One Arena.
Total Attendance: 17992 (99.96%)
Total Ticket Income: $1,268,400
Other Income: $190,260
Total Income: $1,458,660
Bruins
5 vs 5 Forward
Center Left Wing Right Wing Time % Phy DF OF
1 Jonathan Toews Gabriel Landeskog Zack Kassian 40 1 2 2
2 Kevin Hayes Wojtek Wolski Mark Stone 30 1 2 2
3 Casey Cizikas Eric Wellwood Craig Smith 20 1 2 2
4 Radek Faksa Taylor Beck Andreas Athanasiou 10 1 2 2
5 vs 5 Defense
Defense Defense Time % Phy DF OF
1 Jason Demers Torey Krug 40 1 2 2
2 Madison Bowey Brendan Smith 30 1 2 2
3 Josh Manson Adam Pelech 20 1 2 2
4 Madison Bowey Jason Demers 10 1 2 2
PowerPlay Forward
Center Left Wing Right Wing Time % Phy DF OF
1 Jonathan Toews Gabriel Landeskog Mark Stone 60 1 2 2
2 Kevin Hayes Wojtek Wolski Craig Smith 40 1 2 2
PowerPlay Defense
Defense Defense Time % Phy DF OF
1 Jason Demers Torey Krug 60 1 2 2
2 Madison Bowey Brendan Smith 40 1 2 2
Penalty Kill 4 Players Forward
Center Wing Time % Phy DF OF
1 Gabriel Landeskog Wojtek Wolski 60 1 2 2
2 Jonathan Toews Kevin Hayes 40 1 2 2
Penalty Kill 4 Players Defense
Defense Defense Time % Phy DF OF
1 Jason Demers Torey Krug 60 1 2 2
2 Madison Bowey Brendan Smith 40 1 2 2
Penalty Kill - 3 Players Forward
Forward Time % Phy DF OF
1 Gabriel Landeskog 60 1 2 2
2 Wojtek Wolski 40 1 2 2
Penalty Kill - 3 Players Defense
Defense Defense Time % Phy DF OF
1 Jason Demers Torey Krug 60 1 2 2
2 Madison Bowey Brendan Smith 40 1 2 2
4 vs 4 Forward
Center Wing Time % Phy DF OF
1 Gabriel Landeskog Wojtek Wolski 60 1 2 2
2 Jonathan Toews Kevin Hayes 40 1 2 2
4 vs 4 Defense
Defense Defense Time % Phy DF OF
1 Jason Demers Torey Krug 60 1 2 2
2 Madison Bowey Brendan Smith 40 1 2 2
Last Minutes Offensive
Center Left Wing Right Wing Defense Defense
Jonathan Toews Gabriel Landeskog Mark Stone Jason Demers Torey Krug
Last Minutes Defensive
Center Left Wing Right Wing Defense Defense
Jonathan Toews Gabriel Landeskog Mark Stone Jason Demers Torey Krug
Goaltenders
Starting : Kevin Poulin
Backup : Tuukka Rask
Extra Forwards
Normal : Eric Wellwood, Casey Cizikas, Radek Faksa - PP : Eric Wellwood, Casey Cizikas - PK : Radek Faksa
Extra Defensemen
Normal : Josh Manson, Adam Pelech, Jason Demers - PP : Josh Manson - PK : Adam Pelech, Jason Demers
Penalty Shots
Gabriel Landeskog, Wojtek Wolski, Jonathan Toews, Kevin Hayes, Mark Stone
Custom OT Lines Forwards
Gabriel Landeskog, Wojtek Wolski, Jonathan Toews, Kevin Hayes, Mark Stone, Eric Wellwood, Craig Smith, Casey Cizikas, Radek Faksa, Taylor Beck
Custom OT Lines Defensemen
Jason Demers, Torey Krug, Madison Bowey, Brendan Smith, Josh Manson
Scratches
None
Capitals
5 vs 5 Forward
Center Left Wing Right Wing Time % Phy DF OF
1 Nicklas Backstrom Taylor Hall Patrick Kane 40 0 1 4
2 Cody Hodgson Blake Pietila Bobby Ryan 30 0 1 4
3 Joe Colborne Jujhar Khaira Steve Downie 20 0 2 3
4 Sergey Kalinin Jeff Skinner Phil Kessel 10 0 3 2
5 vs 5 Defense
Defense Defense Time % Phy DF OF
1 Brandon Gormley Mike Green 40 0 2 3
2 Alexei Marchenko Martin Marincin 30 0 3 2
3 Brandon Burlon Shea Theodore 20 0 3 2
4 Brandon Gormley Mike Green 10 0 3 2
PowerPlay Forward
Center Left Wing Right Wing Time % Phy DF OF
1 Nicklas Backstrom Taylor Hall Patrick Kane 60 0 0 5
2 Cody Hodgson Blake Pietila Bobby Ryan 40 0 1 4
PowerPlay Defense
Defense Defense Time % Phy DF OF
1 Brandon Gormley Mike Green 60 0 2 3
2 Alexei Marchenko Martin Marincin 40 0 2 3
Penalty Kill 4 Players Forward
Center Wing Time % Phy DF OF
1 Taylor Hall Patrick Kane 60 0 4 1
2 Nicklas Backstrom Bobby Ryan 40 0 4 1
Penalty Kill 4 Players Defense
Defense Defense Time % Phy DF OF
1 Martin Marincin Mike Green 60 0 4 1
2 Alexei Marchenko Brandon Gormley 40 0 5 0
Penalty Kill - 3 Players Forward
Forward Time % Phy DF OF
1 Taylor Hall 60 0 5 0
2 Patrick Kane 40 0 5 0
Penalty Kill - 3 Players Defense
Defense Defense Time % Phy DF OF
1 Martin Marincin Mike Green 60 0 5 0
2 Alexei Marchenko Brandon Gormley 40 0 5 0
4 vs 4 Forward
Center Wing Time % Phy DF OF
1 Taylor Hall Patrick Kane 60 0 1 4
2 Nicklas Backstrom Bobby Ryan 40 0 1 4
4 vs 4 Defense
Defense Defense Time % Phy DF OF
1 Brandon Gormley Mike Green 60 0 2 3
2 Alexei Marchenko Martin Marincin 40 0 3 2
Last Minutes Offensive
Center Left Wing Right Wing Defense Defense
Nicklas Backstrom Taylor Hall Patrick Kane Brandon Gormley Mike Green
Last Minutes Defensive
Center Left Wing Right Wing Defense Defense
Nicklas Backstrom Taylor Hall Patrick Kane Martin Marincin Mike Green
Goaltenders
Starting : Cory Schneider
Backup : Chet Pickard
Extra Forwards
Normal : Taylor Hall, Patrick Kane, Nicklas Backstrom - PP : Patrick Kane, Taylor Hall - PK : Patrick Kane
Extra Defensemen
Normal : Mike Green, Shea Theodore, Alexei Marchenko - PP : Mike Green - PK : Mike Green, Martin Marincin
Penalty Shots
Taylor Hall, Patrick Kane, Nicklas Backstrom, Bobby Ryan, Cody Hodgson
Custom OT Lines Forwards
Taylor Hall, Patrick Kane, Nicklas Backstrom, Bobby Ryan, Cody Hodgson, Blake Pietila, Jujhar Khaira, Steve Downie, Jeff Skinner, Phil Kessel
Custom OT Lines Defensemen
Brandon Gormley, Mike Green, Alexei Marchenko, Martin Marincin, Brandon Burlon
Scratches
None
% Time on Ice - Bruins
Lines # - Real PCT - Wanted PCT - Time Play
Normal Forward
1 - 31% - 40% - 16:30
2 - 28% - 30% - 14:51
3 - 23% - 20% - 11:57
4 - 18% - 10% - 9:14
Normal Defense
1 - 38% - 40% - 19:47
2 - 30% - 30% - 15:32
3 - 28% - 20% - 14:49
4 - 5% - 10% - 2:24
PP Forward
1 - 56% - 60% - 1:07
2 - 44% - 40% - 0:52
PP Defense
1 - 67% - 60% - 1:20
2 - 33% - 40% - 0:39
PK Forward
1 - 74% - 60% - 3:40
2 - 26% - 40% - 1:19
PK Defense
1 - 68% - 60% - 3:23
2 - 32% - 40% - 1:36
PK3 Forward
1 - 0% - 60%
2 - 0% - 40%
PK3 Defense
1 - 0% - 60%
2 - 0% - 40%
44 Forward
1 - 0% - 60%
2 - 0% - 40%
44 Defense
1 - 0% - 60%
2 - 0% - 40%
Last Minute Offensive - 0:30
Last Minute Defensive - 0:00
Total
Forward - 60:00
Defense - 60:00
|
% Time on Ice - Capitals
Lines # - Real PCT - Wanted PCT - Time Play
Normal Forward
1 - 35% - 40% - 18:24
2 - 27% - 30% - 14:03
3 - 22% - 20% - 11:28
4 - 16% - 10% - 8:37
Normal Defense
1 - 40% - 40% - 21:07
2 - 31% - 30% - 16:14
3 - 23% - 20% - 12:09
4 - 6% - 10% - 3:02
PP Forward
1 - 58% - 60% - 2:52
2 - 42% - 40% - 2:07
PP Defense
1 - 62% - 60% - 3:05
2 - 38% - 40% - 1:54
PK Forward
1 - 71% - 60% - 1:25
2 - 29% - 40% - 0:34
PK Defense
1 - 59% - 60% - 1:10
2 - 41% - 40% - 0:49
PK3 Forward
1 - 0% - 60%
2 - 0% - 40%
PK3 Defense
1 - 0% - 60%
2 - 0% - 40%
44 Forward
1 - 0% - 60%
2 - 0% - 40%
44 Defense
1 - 0% - 60%
2 - 0% - 40%
Last Minute Offensive - 0:00
Last Minute Defensive - 0:30
Total
Forward - 60:00
Defense - 60:00
|
Play-by-Play
1st period
0:01 of 1st period - Nicklas Backstrom wins face-off versus Jonathan Toews in neutral zone.
0:27 of 1st period - Bobby Ryan is hit by Kevin Hayes and loses puck.
0:34 of 1st period - Slapshot by Wojtek Wolski.
0:34 of 1st period - Stopped by Cory Schneider with a rebound.
0:47 of 1st period - Off-side.
0:48 of 1st period - Joe Colborne wins face-off versus Casey Cizikas in neutral zone.
1:15 of 1st period - Adam Pelech is hit by Patrick Kane and loses puck.
2:08 of 1st period - Wrist shot by Bobby Ryan.
2:08 of 1st period - Stopped by Kevin Poulin with a rebound.
2:47 of 1st period - Snap shot by Joe Colborne.
2:47 of 1st period - Shot Blocked by Taylor Beck.
2:49 of 1st period - Snap shot by Joe Colborne.
2:49 of 1st period - Shot Misses the Net.
3:10 of 1st period - Off-side.
3:11 of 1st period - Cody Hodgson wins face-off versus Gabriel Landeskog in neutral zone.
3:41 of 1st period - Minor Penalty to Kevin Hayes for Hooking.
3:42 of 1st period - Nicklas Backstrom wins face-off versus Gabriel Landeskog in Bruins zone.
4:46 of 1st period - Blake Pietila is hit by Radek Faksa and loses puck.
5:41 of 1st period - Penalty to Kevin Hayes is over, Kevin Hayes is back on ice.
5:46 of 1st period - Snap shot by Madison Bowey.
5:46 of 1st period - Deflect By Alexei Marchenko.
5:46 of 1st period - Stopped by Cory Schneider with a rebound.
5:48 of 1st period - Snap shot by Madison Bowey.
5:48 of 1st period - Stopped by Cory Schneider without a rebound.
5:49 of 1st period - Sergey Kalinin wins face-off versus Kevin Hayes in Capitals zone.
6:16 of 1st period - Adam Pelech is hit by Sergey Kalinin and loses puck.
6:24 of 1st period - Icing by Radek Faksa.
6:25 of 1st period - Nicklas Backstrom wins face-off versus Radek Faksa in Bruins zone.
6:34 of 1st period - Slapshot by Patrick Kane.
6:34 of 1st period - Stopped by Kevin Poulin with a rebound.
6:36 of 1st period - Wrist shot by Taylor Hall.
6:36 of 1st period - Shot Misses the Net.
7:02 of 1st period - Snap shot by Zack Kassian.
7:02 of 1st period - Deflect By Jonathan Toews.
7:02 of 1st period - Stopped by Cory Schneider with a rebound.
7:04 of 1st period - Wrist shot by Adam Pelech.
7:04 of 1st period - Shot Blocked by Brandon Gormley.
7:14 of 1st period - Wrist shot by Blake Pietila.
7:14 of 1st period - Stopped by Kevin Poulin with a rebound.
7:20 of 1st period - Wrist shot by Kevin Hayes.
7:20 of 1st period - Stopped by Cory Schneider without a rebound.
7:21 of 1st period - Joe Colborne wins face-off versus Jonathan Toews in Capitals zone.
8:16 of 1st period - Snap shot by Taylor Hall.
8:16 of 1st period - Shot Blocked by Brendan Smith.
8:18 of 1st period - Backhand shot by Martin Marincin.
8:18 of 1st period - Shot Misses the Net.
8:20 of 1st period - Snap shot by Taylor Hall.
8:20 of 1st period - Shot Misses the Net.
9:20 of 1st period - Wrist shot by Taylor Hall.
9:20 of 1st period - Stopped by Kevin Poulin with a rebound.
9:59 of 1st period - Snap shot by Jujhar Khaira.
9:59 of 1st period - Stopped by Kevin Poulin without a rebound.
10:00 of 1st period - Joe Colborne wins face-off versus Jonathan Toews in Bruins zone.
10:03 of 1st period - Snap shot by Steve Downie.
10:03 of 1st period - Stopped by Kevin Poulin without a rebound.
10:04 of 1st period - Joe Colborne wins face-off versus Jonathan Toews in Bruins zone.
10:09 of 1st period - Wrist shot by Jujhar Khaira.
10:09 of 1st period - Stopped by Kevin Poulin with a rebound.
10:14 of 1st period - Icing by Madison Bowey.
10:15 of 1st period - Jonathan Toews wins face-off versus Nicklas Backstrom in Bruins zone.
10:29 of 1st period - Brandon Gormley is hit by Jonathan Toews and loses puck.
10:42 of 1st period - Brendan Smith is hit by Cody Hodgson and loses puck.
11:24 of 1st period - Slapshot by Jason Demers.
11:24 of 1st period - Stopped by Cory Schneider with a rebound.
11:46 of 1st period - Snap shot by Gabriel Landeskog.
11:46 of 1st period - Deflect By Nicklas Backstrom.
11:46 of 1st period - Shot Misses the Net.
11:46 of 1st period - Puck is out of play.
11:47 of 1st period - Nicklas Backstrom wins face-off versus Jonathan Toews in Capitals zone.
12:08 of 1st period - Snap shot by Gabriel Landeskog.
12:08 of 1st period - Shot Misses the Net.
13:11 of 1st period - Brandon Gormley is hit by Zack Kassian and loses puck.
13:26 of 1st period - Wrist shot by Nicklas Backstrom.
13:26 of 1st period - Stopped by Kevin Poulin with a rebound.
13:28 of 1st period - Wrist shot by Mike Green.
13:28 of 1st period - Deflect By Jonathan Toews.
13:28 of 1st period - Stopped by Kevin Poulin without a rebound.
13:29 of 1st period - Kevin Hayes wins face-off versus Cody Hodgson in Bruins zone.
13:34 of 1st period - Wrist shot by Torey Krug.
13:34 of 1st period - Stopped by Cory Schneider without a rebound.
13:35 of 1st period - Mark Stone wins face-off versus Cody Hodgson in Capitals zone.
13:42 of 1st period - Snap shot by Wojtek Wolski.
13:42 of 1st period - Stopped by Cory Schneider without a rebound.
13:43 of 1st period - Cody Hodgson wins face-off versus Kevin Hayes in Capitals zone.
14:29 of 1st period - Snap shot by Eric Wellwood.
14:29 of 1st period - Shot Misses the Net.
14:31 of 1st period - Wrist shot by Taylor Beck.
14:31 of 1st period - Shot Misses the Net.
14:33 of 1st period - Slapshot by Torey Krug.
14:33 of 1st period - Stopped by Cory Schneider with a rebound.
14:35 of 1st period - Snap shot by Andreas Athanasiou.
14:35 of 1st period - Shot Misses the Net.
14:39 of 1st period - Wrist shot by Andreas Athanasiou.
14:39 of 1st period - Stopped by Cory Schneider with a rebound.
14:41 of 1st period - Backhand shot by Jason Demers.
14:41 of 1st period - Stopped by Cory Schneider without a rebound.
14:42 of 1st period - Kevin Hayes wins face-off versus Blake Pietila in Capitals zone.
14:47 of 1st period - Snap shot by Wojtek Wolski.
14:47 of 1st period - Shot Misses the Net.
14:57 of 1st period - Snap shot by Wojtek Wolski.
14:57 of 1st period - Goal by Wojtek Wolski - Bruins : 1 - Capitals : 0.
14:58 of 1st period - Nicklas Backstrom wins face-off versus Jonathan Toews in neutral zone.
15:54 of 1st period - Minor Penalty to Jujhar Khaira for Roughing.
15:55 of 1st period - Taylor Hall wins face-off versus Jonathan Toews in Capitals zone.
15:55 of 1st period - Taylor Hall is hit by Torey Krug.
17:04 of 1st period - Nicklas Backstrom is hit by Mark Stone and loses puck.
17:15 of 1st period - Brendan Smith is hit by Blake Pietila and loses puck.
17:20 of 1st period - Wrist shot by Cody Hodgson.
17:20 of 1st period - Stopped by Kevin Poulin without a rebound.
17:21 of 1st period - Craig Smith wins face-off versus Taylor Hall in Bruins zone.
17:54 of 1st period - Penalty to Jujhar Khaira is over, Jujhar Khaira is back on ice.
18:05 of 1st period - Slapshot by Alexei Marchenko.
18:05 of 1st period - Shot Blocked by Radek Faksa.
18:35 of 1st period - Snap shot by Cody Hodgson.
18:35 of 1st period - Shot Blocked by Craig Smith.
18:37 of 1st period - Wrist shot by Blake Pietila.
18:37 of 1st period - Stopped by Kevin Poulin with a rebound.
18:39 of 1st period - Backhand shot by Blake Pietila.
18:39 of 1st period - Shot Blocked by Adam Pelech.
19:17 of 1st period - Phil Kessel is hit by Taylor Beck and loses puck.
19:26 of 1st period - Wrist shot by Taylor Beck.
19:26 of 1st period - Shot Blocked by Brandon Burlon.
19:28 of 1st period - Slapshot by Torey Krug.
19:28 of 1st period - Shot Blocked by Mike Green.
19:48 of 1st period - Wrist shot by Bobby Ryan.
19:48 of 1st period - Stopped by Kevin Poulin without a rebound.
19:49 of 1st period - Jonathan Toews wins face-off versus Nicklas Backstrom in Bruins zone.
Goals for this period are 1 for Bruins vs 0 for Capitals.
Shots for this period are 12 for Bruins vs 12 for Capitals.
2nd period
0:01 of 2nd period - Jonathan Toews wins face-off versus Nicklas Backstrom in neutral zone.
0:26 of 2nd period - Jason Demers is hit by Blake Pietila and loses puck.
1:23 of 2nd period - Taylor Beck is hit by Phil Kessel and loses puck.
1:45 of 2nd period - Slapshot by Taylor Hall.
1:45 of 2nd period - Deflect By Patrick Kane.
1:45 of 2nd period - Stopped by Kevin Poulin without a rebound.
1:46 of 2nd period - Bobby Ryan wins face-off versus Kevin Hayes in Bruins zone.
1:53 of 2nd period - Wrist shot by Blake Pietila.
1:53 of 2nd period - Stopped by Kevin Poulin with a rebound.
1:55 of 2nd period - Snap shot by Bobby Ryan.
1:55 of 2nd period - Stopped by Kevin Poulin without a rebound.
1:56 of 2nd period - Kevin Hayes wins face-off versus Blake Pietila in Bruins zone.
2:21 of 2nd period - Wrist shot by Blake Pietila.
2:21 of 2nd period - Stopped by Kevin Poulin with a rebound.
2:23 of 2nd period - Wrist shot by Bobby Ryan.
2:23 of 2nd period - Stopped by Kevin Poulin with a rebound.
2:25 of 2nd period - Wrist shot by Cody Hodgson.
2:25 of 2nd period - Stopped by Kevin Poulin without a rebound.
2:26 of 2nd period - Nicklas Backstrom wins face-off versus Gabriel Landeskog in Bruins zone.
3:42 of 2nd period - Taylor Beck is hit by Nicklas Backstrom and loses puck.
3:48 of 2nd period - Minor Penalty to Radek Faksa for Tripping.
3:49 of 2nd period - Gabriel Landeskog wins face-off versus Cody Hodgson in Bruins zone.
5:00 of 2nd period - Bobby Ryan is hit by Eric Wellwood.
5:48 of 2nd period - Penalty to Radek Faksa is over, Radek Faksa is back on ice.
6:02 of 2nd period - Slapshot by Brendan Smith.
6:02 of 2nd period - Stopped by Cory Schneider with a rebound.
6:04 of 2nd period - Slapshot by Craig Smith.
6:04 of 2nd period - Stopped by Cory Schneider with a rebound.
6:12 of 2nd period - Steve Downie is hit by Craig Smith and loses puck.
6:25 of 2nd period - Adam Pelech is hit by Shea Theodore and loses puck.
7:11 of 2nd period - Snap shot by Craig Smith.
7:11 of 2nd period - Shot Blocked by Mike Green.
7:16 of 2nd period - Off-side.
7:17 of 2nd period - Jujhar Khaira wins face-off versus Kevin Hayes in neutral zone.
7:59 of 2nd period - Off-side.
8:00 of 2nd period - Casey Cizikas wins face-off versus Nicklas Backstrom in neutral zone.
8:27 of 2nd period - Bobby Ryan is hit by Brendan Smith and loses puck.
8:34 of 2nd period - Snap shot by Jonathan Toews.
8:34 of 2nd period - Shot Misses the Net.
8:36 of 2nd period - Wrist shot by Zack Kassian.
8:36 of 2nd period - Shot Blocked by Blake Pietila.
8:56 of 2nd period - Joe Colborne is hit by Wojtek Wolski and loses puck.
9:11 of 2nd period - Slapshot by Taylor Hall.
9:11 of 2nd period - Shot Misses the Net.
9:13 of 2nd period - Slapshot by Martin Marincin.
9:13 of 2nd period - Stopped by Kevin Poulin with a rebound.
9:15 of 2nd period - Snap shot by Taylor Hall.
9:15 of 2nd period - Shot Misses the Net.
9:17 of 2nd period - Slapshot by Alexei Marchenko.
9:17 of 2nd period - Shot Misses the Net.
9:19 of 2nd period - Snap shot by Taylor Hall.
9:19 of 2nd period - Stopped by Kevin Poulin with a rebound.
9:35 of 2nd period - Wrist shot by Jeff Skinner.
9:35 of 2nd period - Shot Misses the Net.
9:57 of 2nd period - Snap shot by Kevin Hayes.
9:57 of 2nd period - Stopped by Cory Schneider without a rebound.
9:58 of 2nd period - Kevin Hayes wins face-off versus Patrick Kane in Capitals zone.
10:09 of 2nd period - Snap shot by Kevin Hayes.
10:09 of 2nd period - Stopped by Cory Schneider without a rebound.
10:10 of 2nd period - Nicklas Backstrom wins face-off versus Jonathan Toews in Capitals zone.
10:17 of 2nd period - Snap shot by Gabriel Landeskog.
10:17 of 2nd period - Stopped by Cory Schneider with a rebound.
10:22 of 2nd period - Off-side.
10:23 of 2nd period - Zack Kassian wins face-off versus Nicklas Backstrom in neutral zone.
10:49 of 2nd period - Kevin Hayes is hit by Steve Downie and loses puck.
11:00 of 2nd period - Snap shot by Joe Colborne.
11:00 of 2nd period - Shot Misses the Net.
11:14 of 2nd period - Wrist shot by Phil Kessel.
11:14 of 2nd period - Goal by Phil Kessel - Bruins : 1 - Capitals : 1.
11:15 of 2nd period - Cody Hodgson wins face-off versus Jonathan Toews in neutral zone.
12:03 of 2nd period - Eric Wellwood is hit by Steve Downie and loses puck.
12:30 of 2nd period - Snap shot by Taylor Beck.
12:30 of 2nd period - Shot Blocked by Brandon Burlon.
12:57 of 2nd period - Snap shot by Zack Kassian.
12:57 of 2nd period - Stopped by Cory Schneider without a rebound.
12:58 of 2nd period - Kevin Hayes wins face-off versus Patrick Kane in Capitals zone.
13:34 of 2nd period - Blake Pietila is hit by Jonathan Toews and loses puck.
13:49 of 2nd period - Craig Smith is hit by Joe Colborne and loses puck.
14:38 of 2nd period - Snap shot by Jeff Skinner.
14:38 of 2nd period - Shot Hit the Post.
15:26 of 2nd period - Wrist shot by Craig Smith.
15:26 of 2nd period - Shot Blocked by Jujhar Khaira.
15:41 of 2nd period - Nicklas Backstrom is hit by Taylor Beck and loses puck.
17:03 of 2nd period - Snap shot by Steve Downie.
17:03 of 2nd period - Shot Misses the Net.
17:05 of 2nd period - Wrist shot by Steve Downie.
17:05 of 2nd period - Stopped by Kevin Poulin with a rebound.
17:38 of 2nd period - Kevin Hayes is hit by Bobby Ryan and loses puck.
17:55 of 2nd period - Slapshot by Jason Demers.
17:55 of 2nd period - Shot Misses the Net.
17:58 of 2nd period - Icing by Blake Pietila.
17:59 of 2nd period - Jonathan Toews wins face-off versus Cody Hodgson in Capitals zone.
18:42 of 2nd period - Snap shot by Blake Pietila.
18:42 of 2nd period - Deflect By Cody Hodgson.
18:42 of 2nd period - Shot Blocked by Brendan Smith.
18:42 of 2nd period - Puck is out of play.
18:43 of 2nd period - Nicklas Backstrom wins face-off versus Jonathan Toews in Bruins zone.
19:14 of 2nd period - Kevin Hayes is hit by Mike Green and loses puck.
19:41 of 2nd period - Sergey Kalinin is hit by Eric Wellwood and loses puck.
Goals for this period are 0 for Bruins vs 1 for Capitals.
Shots for this period are 6 for Bruins vs 10 for Capitals.
3rd period
0:01 of 3rd period - Nicklas Backstrom wins face-off versus Jonathan Toews in neutral zone.
0:17 of 3rd period - Wrist shot by Jonathan Toews.
0:17 of 3rd period - Stopped by Cory Schneider without a rebound.
0:18 of 3rd period - Cody Hodgson wins face-off versus Kevin Hayes in Capitals zone.
0:29 of 3rd period - Blake Pietila is hit by Mark Stone and loses puck.
0:49 of 3rd period - Slapshot by Mike Green.
0:49 of 3rd period - Stopped by Kevin Poulin with a rebound.
1:09 of 3rd period - Brendan Smith is hit by Steve Downie and loses puck.
2:13 of 3rd period - Snap shot by Patrick Kane.
2:13 of 3rd period - Shot Misses the Net.
2:51 of 3rd period - Shea Theodore is hit by Andreas Athanasiou and loses puck.
3:18 of 3rd period - Jason Demers is hit by Jeff Skinner and loses puck.
3:57 of 3rd period - Slapshot by Taylor Hall.
3:57 of 3rd period - Deflect By Craig Smith.
3:57 of 3rd period - Stopped by Kevin Poulin with a rebound.
3:59 of 3rd period - Wrist shot by Martin Marincin.
3:59 of 3rd period - Shot Blocked by Craig Smith.
4:01 of 3rd period - Snap shot by Steve Downie.
4:01 of 3rd period - Deflect By Jujhar Khaira.
4:01 of 3rd period - Shot Blocked by Brendan Smith.
4:01 of 3rd period - Puck is out of play.
4:02 of 3rd period - Wojtek Wolski wins face-off versus Joe Colborne in Bruins zone.
5:17 of 3rd period - Brandon Gormley is hit by Radek Faksa and loses puck.
5:42 of 3rd period - Snap shot by Kevin Hayes.
5:42 of 3rd period - Stopped by Cory Schneider with a rebound.
6:00 of 3rd period - Wrist shot by Gabriel Landeskog.
6:00 of 3rd period - Stopped by Cory Schneider without a rebound.
6:01 of 3rd period - Nicklas Backstrom wins face-off versus Jonathan Toews in Capitals zone.
6:10 of 3rd period - Snap shot by Taylor Hall.
6:10 of 3rd period - Shot Misses the Net.
6:12 of 3rd period - Wrist shot by Nicklas Backstrom.
6:12 of 3rd period - Shot Misses the Net.
6:14 of 3rd period - Wrist shot by Patrick Kane.
6:14 of 3rd period - Stopped by Kevin Poulin without a rebound.
6:15 of 3rd period - Jonathan Toews wins face-off versus Nicklas Backstrom in Bruins zone.
6:15 of 3rd period - Jonathan Toews is hit by Patrick Kane.
6:31 of 3rd period - Wrist shot by Patrick Kane.
6:31 of 3rd period - Shot Misses the Net.
7:11 of 3rd period - Wrist shot by Jujhar Khaira.
7:11 of 3rd period - Shot Misses the Net.
7:13 of 3rd period - Slapshot by Mike Green.
7:13 of 3rd period - Shot Blocked by Eric Wellwood.
7:15 of 3rd period - Slapshot by Brandon Gormley.
7:15 of 3rd period - Deflect By Jujhar Khaira.
7:15 of 3rd period - Stopped by Kevin Poulin with a rebound.
7:17 of 3rd period - Snap shot by Steve Downie.
7:17 of 3rd period - Shot Blocked by Eric Wellwood.
7:19 of 3rd period - Wrist shot by Jujhar Khaira.
7:19 of 3rd period - Shot Blocked by Eric Wellwood.
7:39 of 3rd period - Brendan Smith is hit by Taylor Hall.
7:43 of 3rd period - Alexei Marchenko is hit by Andreas Athanasiou and loses puck.
7:54 of 3rd period - Wrist shot by Phil Kessel.
7:54 of 3rd period - Stopped by Kevin Poulin with a rebound.
8:32 of 3rd period - Minor Penalty to Kevin Hayes for Roughing.
8:33 of 3rd period - Nicklas Backstrom wins face-off versus Gabriel Landeskog in Bruins zone.
8:50 of 3rd period - Wrist shot by Taylor Hall.
8:50 of 3rd period - Deflect By Nicklas Backstrom.
8:50 of 3rd period - Shot Misses the Net.
8:50 of 3rd period - Puck is out of play.
8:51 of 3rd period - Gabriel Landeskog wins face-off versus Cody Hodgson in Bruins zone.
9:00 of 3rd period - Snap shot by Cody Hodgson.
9:00 of 3rd period - Shot Misses the Net.
9:02 of 3rd period - Wrist shot by Bobby Ryan.
9:02 of 3rd period - Deflect By Cody Hodgson.
9:02 of 3rd period - Shot Misses the Net.
9:02 of 3rd period - Puck is out of play.
9:03 of 3rd period - Nicklas Backstrom wins face-off versus Gabriel Landeskog in Bruins zone.
9:10 of 3rd period - Wrist shot by Patrick Kane.
9:10 of 3rd period - Goal by Patrick Kane - Bruins : 1 - Capitals : 2.
9:11 of 3rd period - Jonathan Toews wins face-off versus Nicklas Backstrom in neutral zone.
9:14 of 3rd period - Slapshot by Gabriel Landeskog.
9:14 of 3rd period - Deflect By Zack Kassian.
9:14 of 3rd period - Stopped by Cory Schneider with a rebound.
9:16 of 3rd period - Wrist shot by Gabriel Landeskog.
9:16 of 3rd period - Shot Misses the Net.
9:48 of 3rd period - Snap shot by Blake Pietila.
9:48 of 3rd period - Shot Blocked by Wojtek Wolski.
10:02 of 3rd period - Brandon Gormley is hit by Craig Smith.
10:06 of 3rd period - Eric Wellwood is hit by Steve Downie and loses puck.
10:20 of 3rd period - Icing by Craig Smith.
10:21 of 3rd period - Sergey Kalinin wins face-off versus Jonathan Toews in Bruins zone.
10:24 of 3rd period - Snap shot by Phil Kessel.
10:24 of 3rd period - Shot Blocked by Jonathan Toews.
10:26 of 3rd period - Slapshot by Martin Marincin.
10:26 of 3rd period - Stopped by Kevin Poulin with a rebound.
10:28 of 3rd period - Slapshot by Martin Marincin.
10:28 of 3rd period - Stopped by Kevin Poulin without a rebound.
10:29 of 3rd period - Nicklas Backstrom wins face-off versus Jonathan Toews in Bruins zone.
10:33 of 3rd period - Minor Penalty to Zack Kassian for Cross-checking.
10:34 of 3rd period - Nicklas Backstrom wins face-off versus Gabriel Landeskog in Bruins zone.
10:34 of 3rd period - Wrist shot by Patrick Kane.
10:34 of 3rd period - Shot Misses the Net.
10:36 of 3rd period - Slapshot by Brandon Gormley.
10:36 of 3rd period - Stopped by Kevin Poulin without a rebound.
10:37 of 3rd period - Gabriel Landeskog wins face-off versus Nicklas Backstrom in Bruins zone.
10:54 of 3rd period - Slapshot by Taylor Hall.
10:54 of 3rd period - Stopped by Kevin Poulin without a rebound.
10:55 of 3rd period - Cody Hodgson wins face-off versus Gabriel Landeskog in Bruins zone.
10:56 of 3rd period - Wrist shot by Blake Pietila.
10:56 of 3rd period - Goal by Blake Pietila - Bruins : 1 - Capitals : 3.
10:57 of 3rd period - Nicklas Backstrom wins face-off versus Jonathan Toews in neutral zone.
11:24 of 3rd period - Jason Demers is hit by Brandon Gormley and loses puck.
11:59 of 3rd period - Craig Smith is hit by Jujhar Khaira and loses puck.
12:34 of 3rd period - Snap shot by Blake Pietila.
12:34 of 3rd period - Shot Blocked by Madison Bowey.
12:36 of 3rd period - Slapshot by Bobby Ryan.
12:36 of 3rd period - Stopped by Kevin Poulin with a rebound.
12:38 of 3rd period - Slapshot by Shea Theodore.
12:38 of 3rd period - Deflect By Madison Bowey.
12:38 of 3rd period - Stopped by Kevin Poulin with a rebound.
13:05 of 3rd period - Snap shot by Wojtek Wolski.
13:05 of 3rd period - Shot Misses the Net.
13:20 of 3rd period - Icing by Josh Manson.
13:21 of 3rd period - Nicklas Backstrom wins face-off versus Casey Cizikas in Bruins zone.
13:24 of 3rd period - Wrist shot by Patrick Kane.
13:24 of 3rd period - Shot Misses the Net.
13:26 of 3rd period - Snap shot by Patrick Kane.
13:26 of 3rd period - Shot Misses the Net.
13:28 of 3rd period - Wrist shot by Brandon Gormley.
13:28 of 3rd period - Shot Misses the Net.
13:30 of 3rd period - Slapshot by Nicklas Backstrom.
13:30 of 3rd period - Shot Misses the Net.
14:04 of 3rd period - Snap shot by Eric Wellwood.
14:04 of 3rd period - Shot Misses the Net.
14:06 of 3rd period - Snap shot by Casey Cizikas.
14:06 of 3rd period - Shot Misses the Net.
14:08 of 3rd period - Snap shot by Eric Wellwood.
14:08 of 3rd period - Deflect By Craig Smith.
14:08 of 3rd period - Stopped by Cory Schneider with a rebound.
14:10 of 3rd period - Slapshot by Craig Smith.
14:10 of 3rd period - Shot Blocked by Brandon Gormley.
14:12 of 3rd period - Wrist shot by Craig Smith.
14:12 of 3rd period - Stopped by Cory Schneider with a rebound.
14:14 of 3rd period - Slapshot by Craig Smith.
14:14 of 3rd period - Stopped by Cory Schneider with a rebound.
14:45 of 3rd period - Snap shot by Craig Smith.
14:45 of 3rd period - Stopped by Cory Schneider without a rebound.
14:46 of 3rd period - Jonathan Toews wins face-off versus Nicklas Backstrom in Capitals zone.
16:35 of 3rd period - Steve Downie is hit by Madison Bowey and loses puck.
16:50 of 3rd period - Jujhar Khaira is hit by Andreas Athanasiou and loses puck.
17:05 of 3rd period - Slapshot by Joe Colborne.
17:05 of 3rd period - Stopped by Kevin Poulin with a rebound.
17:07 of 3rd period - Slapshot by Brandon Gormley.
17:07 of 3rd period - Stopped by Kevin Poulin without a rebound.
17:08 of 3rd period - Nicklas Backstrom wins face-off versus Jonathan Toews in Bruins zone.
17:41 of 3rd period - Snap shot by Craig Smith.
17:41 of 3rd period - Shot Misses the Net.
17:47 of 3rd period - Slapshot by Casey Cizikas.
17:47 of 3rd period - Stopped by Cory Schneider without a rebound.
17:48 of 3rd period - Kevin Hayes wins face-off versus Joe Colborne in Capitals zone.
18:19 of 3rd period - Snap shot by Gabriel Landeskog.
18:19 of 3rd period - Shot Misses the Net.
18:21 of 3rd period - Snap shot by Madison Bowey.
18:21 of 3rd period - Shot Misses the Net.
18:23 of 3rd period - Wrist shot by Jonathan Toews.
18:23 of 3rd period - Stopped by Cory Schneider with a rebound.
18:25 of 3rd period - Slapshot by Adam Pelech.
18:25 of 3rd period - Deflect By Jonathan Toews.
18:25 of 3rd period - Stopped by Cory Schneider with a rebound.
18:27 of 3rd period - Slapshot by Josh Manson.
18:27 of 3rd period - Stopped by Cory Schneider with a rebound.
18:45 of 3rd period - Wrist shot by Nicklas Backstrom.
18:45 of 3rd period - Shot Misses the Net.
19:01 of 3rd period - Snap shot by Mark Stone.
19:01 of 3rd period - Stopped by Cory Schneider without a rebound.
19:02 of 3rd period - Nicklas Backstrom wins face-off versus Kevin Hayes in Capitals zone.
19:23 of 3rd period - Snap shot by Craig Smith.
19:23 of 3rd period - Shot Misses the Net.
19:25 of 3rd period - Wrist shot by Jason Demers.
19:25 of 3rd period - Shot Misses the Net.
19:27 of 3rd period - Snap shot by Mark Stone.
19:27 of 3rd period - Shot Misses the Net.
19:29 of 3rd period - Slapshot by Wojtek Wolski.
19:29 of 3rd period - Goal by Wojtek Wolski - Bruins : 2 - Capitals : 3.
19:30 of 3rd period - Jonathan Toews wins face-off versus Nicklas Backstrom in neutral zone.
19:46 of 3rd period - Bruins, Kevin Poulin is pulled from the net.
Goals for this period are 1 for Bruins vs 2 for Capitals.
Shots for this period are 14 for Bruins vs 15 for Capitals.
Output by the SimonT Hockey Simulator (STHS) for Francois Prevost